[Event "Late-Titled-Tuesday-Blitz-February-13-2024"]
[Site "Chess.com"]
[Date "2024.02.13"]
[Round "7"]
[White "laskakid"]
[Black "Lion-Al-Messi"]
[Result "0-1"]
[WhiteElo "2409"]
[BlackElo "2569"]
[TimeControl "180+1"]
[EndTime "15:17:21 PST"]
[Termination "Lion-Al-Messi won on time"]

1. d4 Nf6 2. c4 b6 3. f3 Nc6 4.
Nc3 d5 5. Qa4 Qd7 6. cxd5 Nxd5 7. Nxd5 Qxd5 8. e4 Qd6 9. Bb5 Bd7 10.
d5 Ne5 11. Bxd7+ Nxd7 12. Ne2 e6 13. dxe6 Qxe6 14. Be3 Bd6 15. O-O O-O 16. Nd4 Qe8 17. Nb5 Bc5 18. Bxc5 Nxc5 19. Qb4 a5 20. Qc4 Qe7 21. Nc3 Qg5 22. Rae1 Rad8 23. Nd5 Qe5 24. b3 Rd7 25. f4 Qb2 26. Re2 Qa3 27. f5 Nb7 28. f6 Qc5+ 29. Qxc5 Nxc5 30. Rd1 Rfd8 31.
fxg7 Kxg7 32. Red2 c6 33. Kf2 cxd5 34. Rxd5 Rxd5 35. exd5 Ne4+ 36. Ke3 Nc3 37. Rd3 Nxd5+ 38. Kd2 Rd7 39. Rd4 Nf6 40. Ke3 Rxd4 41. Kxd4 Kg6 42.
Ke5 b5 43. Kd6 Ne4+ 44. Kc6 b4 45. Kb5 Nc3+ 46. Kxa5 Nxa2 47. Kb5 Kf5 48. Kc4 Ke4 0-1

[Event "Late-Titled-Tuesday-Blitz-February-13-2024"]
[Site "Chess.com"]
[Date "2024.02.13"]
[Round "7"]
[White "Oleksandr_Bortnyk"]
[Black "Genghis_K"]
[Result "1-0"]
[WhiteElo "3054"]
[BlackElo "2914"]
[TimeControl "180+1"]
[EndTime "15:17:25 PST"]
[Termination "Oleksandr_Bortnyk won by resignation"]

1. e4 c5 2. c3 Nf6 3. e5 Nd5 4. d4 cxd4 5. Nf3 d6 6. cxd4 Nc6 7. Bc4 Nb6 8. Bb5 dxe5 9. Nxe5 Bd7 10. Nxd7 Qxd7 11. Nc3 Rd8 12. Be3 a6 13. Bxc6 Qxc6 14. O-O e6 15. Qg4 h5 16. Qh3 Nd5 17. Rac1 Bd6 18.
Ne4 Nf4 19. Bxf4 Qxe4 20. Bxd6 Rxd6 21. Rc8+ Rd8 22. Rxd8+ Kxd8 23. Qg3 Ke7 24. Qg5+ Kd7 25. Qxg7 Rh7 26. Qg8 h4 27. h3 Ke7 28. Qg5+ f6 29. Qg8 Rf7 30. Rc1 Qf4 31. Qc8 f5 32. Rc7+ Kf6 33.
Qh8+ Kg6 34. Qg8+ Kh6 35. Qxf7 1-0

[Event "Late-Titled-Tuesday-Blitz-February-13-2024"]
[Site "Chess.com"]
[Date "2024.02.13"]
[Round "7"]
[White "Rawnsdale"]
[Black "C_K_G"]
[Result "1-0"]
[WhiteElo "2530"]
[BlackElo "2168"]
[TimeControl "180+1"]
[EndTime "15:17:25 PST"]
[Termination "Rawnsdale won by resignation"]

1. e4 c5 2. Nf3 d6 3. d4 cxd4 4.
Nxd4 Nf6 5. Nc3 a6 6. Rg1 e5 7. Nb3 h5 8. Bg5 Be6 9. Qd2 Nbd7 10. O-O-O Qc7 11. Kb1 b5 12. f3 Be7 13. Bd3 Nb6 14.
f4 Nc4 15. Bxc4 bxc4 16. Nc1 Rb8 17. fxe5 dxe5 18. Bxf6 gxf6 19. Nd5 Bxd5 20. Qxd5 Qb6 21. b3 c3 22. Ne2 Qb4 23. Qc6+ Kf8 24. Qxc3 Qxe4 25. Ng3 Qg4 26. h3 Qg6 27. Rd7 Bb4 28. Qf3 Rc8 29. Nf5 h4 30. Rgd1 Kg8 31. Qe4 Bf8 32. Rd8 Rxd8 33. Rxd8 Kh7 34. Qxh4+ Bh6 35. Rxh8+ Kxh8 36. Qxh6+ Qxh6 37. Nxh6 Kg7 38. Nf5+ Kg6 39. g4 Kg5 40. Kc1 Kf4 41. Kd2 Kf3 42. c4 1-0

[Event "Late-Titled-Tuesday-Blitz-February-13-2024"]
[Site "Chess.com"]
[Date "2024.02.13"]
[Round "7"]
[White "shirovin"]
[Black "nitpicker"]
[Result "0-1"]
[WhiteElo "2100"]
[BlackElo "2235"]
[TimeControl "180+1"]
[EndTime "15:17:25 PST"]
[Termination "nitpicker won on time"]

1. e4 c5 2. Nf3 Nc6 3. b4 cxb4 4. d4 g6 5. Bc4 Bg7 6. O-O a6 7. Bb2 b5 8. Bd3 e6 9. Nbd2 Nge7 10. e5 d5 11. Re1 O-O 12. Nf1 Qc7 13. Ng3 f6 14. Rc1 Bd7 15. a3 bxa3 16. Bxa3 b4 17.
Bb2 Qb7 18. exf6 Bxf6 19. Ne5 Nxe5 20. dxe5 Bg5 21. Rb1 Qb6 22. Qe2 Rf7 23. Bc1 Bxc1 24. Rbxc1 a5 25. h4 Raf8 26. Rf1 a4 27. h5 a3 28.
hxg6 hxg6 29. Rb1 Nf5 30. Qg4 Rg7 31. Qe2 Nxg3 0-1

[Event "Late-Titled-Tuesday-Blitz-February-13-2024"]
[Site "Chess.com"]
[Date "2024.02.13"]
[Round "7"]
[White "mjelcic"]
[Black "ninguno46"]
[Result "0-1"]
[WhiteElo "2223"]
[BlackElo "2496"]
[TimeControl "180+1"]
[EndTime "15:17:26 PST"]
[Termination "ninguno46 won on time"]

1. d4 Nf6 2. c4 e6 3. Nc3 Bb4 4. Bd2 Bxc3 5. Bxc3 Ne4 6. Qc2 Nxc3 7. Qxc3 d6 8. Nf3 Nd7 9. e3 Qe7 10. Bd3 e5 11.
Bc2 O-O 12. O-O Re8 13. b4 Nf6 14. c5 Bg4 15. Nd2 exd4 16. Qxd4 dxc5 17. Qxc5 Rad8 18.
Qxe7 Rxe7 19. Nb3 Nd5 20. h3 Nxb4 21. hxg4 Nxc2 22. Rac1 Nb4 23. Rc4 Nd3 24. Na5 Ne5 25. Re4 b6 26. Nb3 c5 27. a4 Kf8 28. a5 Rd3 29.
Rb1 Nd7 30. Rc4 g5 31. Kf1 Ne5 32. Ra4 Red7 33. axb6 axb6 34. Ra8+ Kg7 35. Ke2 Rc3 36. Rb2 Nc4 0-1

[Event "Late-Titled-Tuesday-Blitz-February-13-2024"]
[Site "Chess.com"]
[Date "2024.02.13"]
[Round "7"]
[White "GianmarcoVaR"]
[Black "sharkarton"]
[Result "1-0"]
[WhiteElo "2727"]
[BlackElo "2517"]
[TimeControl "180+1"]
[EndTime "15:17:28 PST"]
[Termination "GianmarcoVaR won by resignation"]

1. e4 c5 2. Nf3 e6 3. d4 cxd4 4. Nxd4 Nf6 5. Nc3 Nc6 6. Bf4 d6 7. Ndb5 e5 8. Bg5 a6 9. Na3 b5 10. Bxf6 gxf6 11. Nd5 f5 12. Bd3 Be6 13. c4 Bxd5 14.
cxd5 Nd4 15. Nc2 fxe4 16. Nxd4 exd3 17. Nc6 Qg5 18. Qxd3 Qxg2 19. O-O-O Bh6+ 20. Kb1 Qg6 21. Rhg1 Qxd3+ 22. Rxd3 Kd7 23. Rf3 Raf8 24. Rh3 Bf4 25. Rg7 h6 26. Ra3 Rhg8 27. Rxg8 Rxg8 28. Rxa6 Rg1+ 29. Kc2 Rg2 30. Ra7+ Ke8 31. Ra8+ Kd7 32. Ra7+ Ke8 33. b4 Rxf2+ 34. Kd3 f5 35. a4 e4+ 36.
Kc3 Bd2+ 37. Kb3 e3 38. axb5 e2 39. Re7+ Kf8 40. b6 Rf3+ 41. Kc2 e1=Q 42. Rxe1 Bxe1 43.
b7 Rc3+ 44. Kd1 1-0

[Event "Late-Titled-Tuesday-Blitz-February-13-2024"]
[Site "Chess.com"]
[Date "2024.02.13"]
[Round "7"]
[White "GlavkonVVS"]
[Black "Flaccidmoves"]
[Result "0-1"]
[WhiteElo "2555"]
[BlackElo "2440"]
[TimeControl "180+1"]
[EndTime "15:17:28 PST"]
[Termination "Flaccidmoves won by resignation"]

1. c4 c6 2. g3 d5 3. Bg2 Nf6 4. b3 e5 5. Bb2 d4 6. Nf3 Bd6 7. O-O O-O 8. e3 c5 9. exd4 cxd4 10. d3 Nc6 11. Na3 Nd7 12. Nc2 Nc5 13. Re1 Bf5 14. Bf1 a5 15. Ba3 Re8 16. Nh4 Be6 17. Bg2 Qd7 18. Bxc5 Bxc5 19. Bxc6 Qxc6 20. Rxe5 f6 21. Re1 Bh3 22. Qf3 g5 23. Qxc6 bxc6 24. Nf3 Bf5 25. Ncxd4 Bxd3 26. Nxc6 Be4 27. Nfd4 Rac8 28. Rad1 Bxc6 29.
Nxc6 Rxe1+ 30. Rxe1 Rxc6 31. Kf1 Kf7 32. Rd1 Rd6 33.
Rxd6 Bxd6 34. Ke2 Ke6 35. f3 Ke5 36. Kd3 Bb4 37. h3 h5 38. g4 h4 39. Ke3 Bc5+ 40.
Ke2 Kf4 0-1

[Event "Late-Titled-Tuesday-Blitz-February-13-2024"]
[Site "Chess.com"]
[Date "2024.02.13"]
[Round "7"]
[White "FairChess_on_YouTube"]
[Black "Flawless_Fighter"]
[Result "1-0"]
[WhiteElo "3071"]
[BlackElo "2742"]
[TimeControl "180+1"]
[EndTime "15:17:32 PST"]
[Termination "FairChess_on_YouTube won by resignation"]

1. e4 c5 2. Nc3 Nc6 3. Bb5 Nd4 4. Nf3 a6 5. Bd3 e6 6. O-O Ne7 7. Nxd4 cxd4 8. Ne2 Nc6 9. c3 Bc5 10. Kh1 O-O 11.
f4 b5 12. Ng3 d6 13. Qh5 g6 14. Qh6 Qf6 15. Nh5 Qh8 16. f5 exf5 17. exf5 Bd7 18. Be4 gxh5 19. Rf3 Ne5 20. Rg3+ Ng6 21. d3 h4 22.
fxg6 hxg6 23. Rxg6+ fxg6 24. Bd5+ Rf7 25. Qxg6+ Qg7 26.
Bxf7+ Kh8 27. Qh5+ Qh7 28. Bh6 dxc3 29. Bg6 Bg4 30.
Bg7+ Kxg7 31. Qxh7+ 1-0

[Event "Late-Titled-Tuesday-Blitz-February-13-2024"]
[Site "Chess.com"]
[Date "2024.02.13"]
[Round "7"]
[White "The_Straightforward_Rook"]
[Black "chegueps"]
[Result "0-1"]
[WhiteElo "2451"]
[BlackElo "2680"]
[TimeControl "180+1"]
[EndTime "15:17:32 PST"]
[Termination "chegueps won by checkmate"]

1. Nf3 Nf6 2. d4 g6 3. Nbd2 d5 4. b4 a5 5. b5 Nbd7 6. e3 a4 7. Ba3 Bg7 8. Rc1 Nb6 9. c4 dxc4 10. Nxc4 O-O 11. Nxb6 cxb6 12. Be2 Be6 13. Qd2 Ne4 14. Qb2 Qd7 15. O-O Bd5 16. Ne5 Qe6 17. Bg4 f5 18. Bf3 Bxa2 19. Bxe4 fxe4 20. Rc7 Bf6 21. Rxb7 Bd5 22.
Nc6 Rae8 23. Rc1 Bh4 24. g3 Qh3 25. Rc7 Be6 26. Bxe7 Bg4 27. Qa2+ Kh8 28. Qc4 Rxf2 29. Kxf2 Qxh2+ 30. Ke1 Bxg3+ 31. Kf1 Bh3# 0-1

[Event "Late-Titled-Tuesday-Blitz-February-13-2024"]
[Site "Chess.com"]
[Date "2024.02.13"]
[Round "7"]
[White "JaackCamel"]
[Black "Attacker_2006"]
[Result "1-0"]
[WhiteElo "2208"]
[BlackElo "2441"]
[TimeControl "180+1"]
[EndTime "15:17:32 PST"]
[Termination "JaackCamel won by resignation"]

1. d4 d5 2. c4 e6 3. Nc3 Nf6 4. cxd5 exd5 5. Bg5 Bb4 6. e3 c6 7. Bd3 h6 8. Bxf6 Qxf6 9. h3 Bf5 10. Nf3 Nd7 11. O-O O-O 12. a3 Ba5 13. Rc1 Rac8 14.
Bxf5 Qxf5 15. Na4 Bc7 16. Nc5 Nxc5 17. Rxc5 Bd6 18. Qc2 Qh5 19. Rc3 Rfe8 20. b4 Re6 21. b5 Rg6 22. Kh1 Rf6 23. e4 dxe4 24. Qxe4 Re6 25. Qd3 Bb8 26. bxc6 bxc6 27. d5 Rd6 28.
Qa6 Rcd8 29. dxc6 Rd1 30. c7 Rxf1+ 31. Qxf1 Bxc7 32. Rxc7 Qf5 33. Rc1 a5 34. Qc4 g6 35.
Kg1 Re8 36. Qc3 Re4 37. Qc8+ Qxc8 38. Rxc8+ Kg7 39. Rc3 1-0

[Event "Late-Titled-Tuesday-Blitz-February-13-2024"]
[Site "Chess.com"]
[Date "2024.02.13"]
[Round "7"]
[White "nj123456"]
[Black "Mops_2004"]
[Result "1-0"]
[WhiteElo "2451"]
[BlackElo "2753"]
[TimeControl "180+1"]
[EndTime "15:17:34 PST"]
[Termination "nj123456 won by resignation"]

1. e4 c5 2. c3 Nf6 3. e5 Nd5 4. d4 cxd4 5. Nf3 Nc6 6. Bc4 Nb6 7. Bb3 d5 8. exd6 Qxd6 9. O-O Be6 10. Nxd4 Nxd4 11. cxd4 Bxb3 12. Qxb3 g6 13. Nc3 Bg7 14. Nb5 Qd7 15. Be3 O-O 16. Rfd1 Nd5 17. Bg5 e6 18. h3 h6 19. Bh4 g5 20. Bg3 a6 21. Nc3 Rfd8 22. Ne4 b6 23. Nc3 Qb7 24. Rac1 b5 25.
Ne4 Nf4 26. Qf3 Nd5 27. Be5 f5 28. Nf6+ Bxf6 29. Bxf6 Rdc8 30. Be5 Qf7 31. Qb3 Kh7 32. Rc2 Rxc2 33. Qxc2 Rd8 34. Rc1 Nb4 35. Qb3 Nd5 36.
Rc6 Ra8 37. Qa3 b4 38. Qa5 Qd7 39. Rxa6 Rxa6 40. Qxa6 h5 41. Qd6 Qc8 42. Qc5 Qa6 43.
Qd6 Qxd6 44. Bxd6 Kg6 45. a4 bxa3 46. bxa3 Nb6 47. Kf1 g4 48. hxg4 hxg4 49. Ke2 Nc4 50. Bc5 Kf7 51. Kd3 Na5 52. Kc3 Ke8 53. Kb4 Nc6+ 54.
Kb5 Kd7 55. a4 Kc7 56. a5 Nd8 57. Bb6+ 1-0

[Event "Late-Titled-Tuesday-Blitz-February-13-2024"]
[Site "Chess.com"]
[Date "2024.02.13"]
[Round "7"]
[White "kibromNNN"]
[Black "Bryanl106"]
[Result "0-1"]
[WhiteElo "1817"]
[BlackElo "2526"]
[TimeControl "180+1"]
[EndTime "15:17:35 PST"]
[Termination "Bryanl106 won on time"]

1. d4 Nf6 2. c4 g6 3. Nc3 c5 4. d5 Bg7 5. e4 d6 6. Be2 O-O 7. Nf3 e6 8. O-O Na6 9. Bg5 h6 10. Bh4 Nc7 11. Re1 exd5 12. exd5 Re8 13. h3 Bf5 14. Bd3 Qd7 15. Qc2 Bxd3 16. Qxd3 a6 17. a4 b6 18. Nd2 Nh5 19. Nde4 f5 20. Ng3 Nf4 21. Qd2 g5 22. Nf1 Nxh3+ 23. gxh3 gxh4 24. Qf4 Bf6 25. Ne3 Re5 26. Qxh6 Qe7 27. Ne2 Bg5 28. Qg6+ Qg7 29. Qxg7+ Kxg7 30. Nc3 Rae8 31. Ng2 Rxe1+ 32. Rxe1 Rxe1+ 33. Nxe1 Bd2 34. Nf3 Bxc3 35. bxc3 b5 36. axb5 axb5 37. cxb5 Nxb5 38. c4 Na3 39. Nxh4 Kf6 40.
Nf3 Nxc4 41. Kf1 Nb6 42. Ke2 Nxd5 43. h4 Nf4+ 44. Kd2 d5 45. Kc3 Ne2+ 46. Kd2 Nf4 47. Ne1 Ng6 48. Ng2 Ne7 49. Nf4 Ke5 0-1

[Event "Late-Titled-Tuesday-Blitz-February-13-2024"]
[Site "Chess.com"]
[Date "2024.02.13"]
[Round "7"]
[White "KorolDimitriy75"]
[Black "jinxy2009"]
[Result "1-0"]
[WhiteElo "2427"]
[BlackElo "2237"]
[TimeControl "180+1"]
[EndTime "15:17:35 PST"]
[Termination "KorolDimitriy75 won by resignation"]

1. d4 Nf6 2. c4 e6 3. Nc3 d5 4.
Bg5 Be7 5. cxd5 exd5 6. e3 c6 7. Bd3 O-O 8. Qc2 h6 9. Bh4 Ne8 10. Bg3 Nd6 11. Nge2 Re8 12. O-O Bf8 13. h3 Nd7 14. Qd2 Nf6 15. f3 Bf5 16. Bf2 Bxd3 17. Qxd3 b5 18. Ng3 a5 19. b3 a4 20. Rac1 axb3 21.
axb3 Ra3 22. Qb1 Qa5 23. Nce2 h5 24. Rxc6 h4 25. Nf5 Nxf5 26. Qxf5 Rxb3 27. Nf4 Qd2 28. Nxd5 Nxd5 29. Qxd5 Rbxe3 30. Rc7 R3e7 31. Rxe7 Bxe7 32. Qxb5 Bf6 33. Qxe8+ 1-0

[Event "Late-Titled-Tuesday-Blitz-February-13-2024"]
[Site "Chess.com"]
[Date "2024.02.13"]
[Round "7"]
[White "Boninknights"]
[Black "nindjaxx8"]
[Result "0-1"]
[WhiteElo "2360"]
[BlackElo "2557"]
[TimeControl "180+1"]
[EndTime "15:17:36 PST"]
[Termination "nindjaxx8 won by resignation"]

1. d4 d5 2. Nf3 Nf6 3. c4 e6 4.
Nc3 Be7 5. Bg5 O-O 6. e3 h6 7.
Bh4 b6 8. Rc1 Bb7 9. Bxf6 Bxf6 10. cxd5 exd5 11. b4 Nd7 12. b5 a6 13. a4 axb5 14.
axb5 Re8 15. Qb3 Be7 16. Be2 Nf6 17. O-O Bd6 18. Ra1 Qd7 19. Rfc1 Ne4 20. Ne1 Qf5 21. Nd3 Nd2 22. Qc2 Rxa1 23. Rxa1 Nc4 24. Nb4 Qg5 25.
Nbxd5 Bxd5 26. Nxd5 Na3 27. Qc6 Re6 28. Qa8+ Kh7 29.
Bd3+ g6 30. g3 Qg4 31. Rxa3 Bxa3 32. Qxa3 Qf3 33. Nf4 Rd6 34. Qa8 Qxa8 0-1

[Event "Late-Titled-Tuesday-Blitz-February-13-2024"]
[Site "Chess.com"]
[Date "2024.02.13"]
[Round "7"]
[White "Bala-Afiada"]
[Black "protectiago"]
[Result "1-0"]
[WhiteElo "2037"]
[BlackElo "2088"]
[TimeControl "180+1"]
[EndTime "15:17:37 PST"]
[Termination "Bala-Afiada won on time"]

1. d4 Nf6 2. c4 g6 3. Nc3 d5 4. e3 Bg7 5. Nf3 O-O 6. Bd3 dxc4 7.
Bxc4 c5 8. O-O cxd4 9. Nxd4 e5 10. Ndb5 Qa5 11. Qa4 Qxa4 12. Nxa4 Na6 13. Bd2 Bd7 14. Nac3 Rfd8 15. Rfd1 Bg4 16. f3 Rac8 17. Bb3 Bd7 18. Nd6 Rc7 19. Nxf7 Rdc8 20. Nd6+ Kh8 21. Nxc8 Rxc8 22. Rac1 Nc5 23. Bc2 Rf8 24. b4 Ne6 25.
Bb3 Ng5 26. Nd5 Bc6 27. Nxf6 Bxf6 28. e4 a6 29. Be3 Be7 30. Bc5 1-0

[Event "Late-Titled-Tuesday-Blitz-February-13-2024"]
[Site "Chess.com"]
[Date "2024.02.13"]
[Round "7"]
[White "yuriydovzik"]
[Black "FM_Kappeler"]
[Result "0-1"]
[WhiteElo "2103"]
[BlackElo "2260"]
[TimeControl "180+1"]
[EndTime "15:17:38 PST"]
[Termination "FM_Kappeler won on time"]

1. e4 c5 2. Nf3 Nc6 3. d3 e6 4. g3 d5 5. Nbd2 Nge7 6. Bg2 g6 7. O-O Bg7 8. Re1 b6 9. h4 h6 10. exd5 Nxd5 11. Nc4 Bb7 12. Bd2 Qc7 13. a4 O-O 14. Qc1 Kh7 15. h5 g5 16. Bxg5 hxg5 17. Nxg5+ Kh8 18.
Ne4 Rg8 19. h6 Bf8 20. Ng5 Rg6 21. Be4 Rxh6 22. Kg2 Nf6 23. Rh1 Nxe4 24. Nxe4 Rxh1 25. Qxh1+ Kg8 26. Nf6+ Kg7 27. Qh4 Ne5+ 28. Kh3 Ng6 29.
Nh5+ Kg8 30. Nf6+ Kg7 31. Nh5+ Kh6 0-1

[Event "Late-Titled-Tuesday-Blitz-February-13-2024"]
[Site "Chess.com"]
[Date "2024.02.13"]
[Round "7"]
[White "jefferyx"]
[Black "MetiForce"]
[Result "1-0"]
[WhiteElo "3039"]
[BlackElo "2870"]
[TimeControl "180+1"]
[EndTime "15:17:39 PST"]
[Termination "jefferyx won by resignation"]

1. d4 Nf6 2. Nf3 d5 3. c4 e6 4.
Nc3 Nbd7 5. g3 dxc4 6. Bg2 Bb4 7. O-O O-O 8. Qc2 c6 9. e4 h6 10. a4 a5 11. Be3 b6 12. Na2 Ba6 13. Rfd1 Qe7 14.
Nxb4 axb4 15. Nd2 b5 16. axb5 cxb5 17. d5 Bb7 18. d6 Qd8 19. e5 Bxg2 20. exf6 Bd5 21.
fxg7 Kxg7 22. Ne4 Qc8 23. f3 Qc6 24. Qd2 Rh8 25. Rxa8 Qxa8 26. Bd4+ f6 27. Qf4 Bxe4 28. fxe4 Qc6 29. e5 f5 30. g4 Rg8 31. Kf2 Kh7 32. Rg1 c3 33. gxf5 Rxg1 34. Kxg1 c2 35.
Be3 Qd5 36. Qxh6+ Kg8 37. Qxe6+ Qxe6 38. fxe6 Nxe5 39. d7 Nc6 40. e7 1-0

[Event "Late-Titled-Tuesday-Blitz-February-13-2024"]
[Site "Chess.com"]
[Date "2024.02.13"]
[Round "7"]
[White "Njal28"]
[Black "FontVella8"]
[Result "1-0"]
[WhiteElo "2987"]
[BlackElo "2707"]
[TimeControl "180+1"]
[EndTime "15:17:39 PST"]
[Termination "Njal28 won on time"]

1. e4 c6 2. d4 d5 3. e5 Bf5 4.
Bd3 Bxd3 5. Qxd3 e6 6. c3 Nd7 7.
Ne2 Ne7 8. O-O h5 9. Nd2 h4 10. h3 Nf5 11. Nf3 Be7 12. a4 a6 13.
a5 c5 14. Nf4 Nf8 15. Rd1 c4 16. Qc2 g5 17. Ne2 Rg8 18. Nh2 Nd7 19. Ng4 Nb8 20. f4 Nc6 21. fxg5 Bxg5 22. Rf1 Rg6 23. Bxg5 Qxg5 24.
Nf4 O-O-O 25. Nxg6 Qxg6 26. Rf4 Rg8 27. Raf1 Nxa5 28.
Rxf5 exf5 29. Qxf5+ Qxf5 30. Rxf5 Rg7 31. Nf6 Nb3 32.
Nxd5 b5 33. Rf6 Nc1 34. Rxa6 Nd3 35. Rb6 Kd7 36. Nf6+ Ke7 37. Rxb5 Ke6 38. Ne8 Rg3 39. Nc7+ Kd7 40. Nd5 Kc6 41. Ra5 Nxb2 42. Rc5+ Kd7 43. Rc7+ Ke6 44. Nf4+ Kf5 45. Rxf7+ Ke4 46. e6 Re3 47. e7 1-0

[Event "Late-Titled-Tuesday-Blitz-February-13-2024"]
[Site "Chess.com"]
[Date "2024.02.13"]
[Round "7"]
[White "Grischuk"]
[Black "Durarbayli"]
[Result "1-0"]
[WhiteElo "3099"]
[BlackElo "2938"]
[TimeControl "180+1"]
[EndTime "15:17:40 PST"]
[Termination "Grischuk won on time"]

1. d4 d5 2. c4 c6 3. Nf3 Nf6 4. Nc3 e6 5. Bg5 dxc4 6. e4 h6 7. Bxf6 Qxf6 8. Bxc4 Nd7 9. e5 Qd8 10. O-O Be7 11. Qe2 b5 12. Bd3 Bb7 13. Rad1 a6 14.
Be4 Qb6 15. Rfe1 Rd8 16. h4 g5 17. Nh2 gxh4 18. Qh5 b4 19. Ne2 c5 20. Bxb7 Qxb7 21. Nf4 Rg8 22. Nf3 h3 23. d5 Nf8 24.
Qxh3 exd5 25. e6 Rg7 26. Ne5 Rd6 27. Nxf7 Rxe6 28. Nxe6 Rxf7 29. Nxf8 Kxf8 30. Qxh6+ Kg8 31. Rd3 Bf8 32. Rg3+ 1-0

[Event "Late-Titled-Tuesday-Blitz-February-13-2024"]
[Site "Chess.com"]
[Date "2024.02.13"]
[Round "7"]
[White "ChessQueen"]
[Black "mishanick"]
[Result "0-1"]
[WhiteElo "2701"]
[BlackElo "2966"]
[TimeControl "180+1"]
[EndTime "15:17:41 PST"]
[Termination "mishanick won by checkmate"]

1. Nf3 d5 2. g3 g6 3. Bg2 Bg7 4.
d4 c6 5. O-O Nf6 6. c3 O-O 7.
a4 a5 8. Nbd2 Nbd7 9. Re1 c5 10.
b3 b6 11. e3 Bb7 12. Bb2 Qc7 13.
Rc1 Rfd8 14. Nb1 Rac8 15. Na3 Qb8 16. Qe2 Ne4 17. Nd2 Ndf6 18. Nb5 Bc6 19. c4 dxc4 20. Nxc4 Qb7 21. f3 Nd6 22. Ncxd6 exd6 23. e4 Ne8 24.
Rcd1 Bxb5 25. Qxb5 cxd4 26. Bxd4 Bxd4+ 27. Rxd4 Nc7 28. Qd3 Ne6 29. Rxd6 Rxd6 30. Qxd6 Rd8 31. Qe5 Qe7 32.
h4 Qb4 33. Rc1 h5 34. Qc3 Rd1+ 35. Kh2 Rxc1 36. Qxc1 Qxb3 37. Qc8+ Kg7 38. Qd7 Qb2 39.
f4 Nd4 40. Kh3 Qc3 41. Qd5 Ne2 42. f5 Qxg3# 0-1

[Event "Late-Titled-Tuesday-Blitz-February-13-2024"]
[Site "Chess.com"]
[Date "2024.02.13"]
[Round "7"]
[White "Zhigalko_Sergei"]
[Black "HansOnTwitch"]
[Result "0-1"]
[WhiteElo "2927"]
[BlackElo "3156"]
[TimeControl "180+1"]
[EndTime "15:17:45 PST"]
[Termination "HansOnTwitch won by resignation"]

1. e4 c5 2. c3 d5 3. exd5 Qxd5 4. d4 Nf6 5. Nf3 e6 6. Na3 Nc6 7. Be3 cxd4 8. Nb5 Qd7 9. Nbxd4 Nd5 10. Bd3 Nxe3 11.
fxe3 Be7 12. Qc2 h6 13. O-O-O Qc7 14. Nxc6 bxc6 15. g4 Bb7 16. h4 O-O-O 17. Nd4 c5 18. Nb5 Qe5 19. e4 c4 20. Bxc4 Bxe4 21. Qh2 Bg5+ 22.
hxg5 Qxg5+ 23. Rd2 Qxd2+ 24. Qxd2 Rxd2 25. Re1 Rc2+ 26. Kd1 Rd8+ 27. Nd4 Bg6 28. Re5 Rxd4+ 29. cxd4 Rxc4 30.
Ra5 Rxd4+ 31. Ke2 Kb7 32. b3 Rxg4 33. Kf3 Bf5 34. Rxf5 exf5 35. a4 h5 36. a5 a6 37.
b4 Kc6 38. b5+ Kxb5 0-1

[Event "Late-Titled-Tuesday-Blitz-February-13-2024"]
[Site "Chess.com"]
[Date "2024.02.13"]
[Round "7"]
[White "Bigfish1995"]
[Black "KuzubovYuriy"]
[Result "1/2-1/2"]
[WhiteElo "3167"]
[BlackElo "2993"]
[TimeControl "180+1"]
[EndTime "15:17:46 PST"]
[Termination "Game drawn by repetition"]

1. e4 e5 2. Nf3 Nf6 3. Nxe5 d6 4.
Nf3 Nxe4 5. d3 Nf6 6. d4 g6 7.
Bd3 Bg7 8. Qe2+ Qe7 9. Qxe7+ Kxe7 10. O-O Re8 11. h3 Kf8 12. a4 a5 13. Na3 Nd5 14. c3 Bd7 15. Nb5 Na6 16. Bd2 Rad8 17. b3 h6 18.
Rfe1 Be6 19. Na7 Ra8 20. Bxa6 Rxa7 21. Bd3 Raa8 22. Re2 Nb6 23. c4 Bd7 24. Rxe8+ Bxe8 25. Re1 Nc8 26. g4 Bd7 27. Kg2 Ne7 28. d5 Ng8 29. Kg3 b6 30. Be3 Re8 31. Bd2 Rxe1 32. Nxe1 Nf6 33. Nc2 Bc8 34. Na3 Ba6 35. Bc2 Nd7 36.
Nb5 Bxb5 37. axb5 Nc5 38. b4 axb4 39. Bxb4 Bd4 40. Bd2 Kg7 41. h4 f6 42. h5 g5 43.
f4 Kf8 44. Kf3 Kg7 45. Be1 Kf8 46. Bd2 Kg7 47. Ke2 Kf8 48. Bc1 Kg7 49. Kf3 Kf8 50. Bd2 1/2-1/2

[Event "Late-Titled-Tuesday-Blitz-February-13-2024"]
[Site "Chess.com"]
[Date "2024.02.13"]
[Round "7"]
[White "Korchmar_Vasiliy"]
[Black "ChristopherYoo"]
[Result "1-0"]
[WhiteElo "2775"]
[BlackElo "2961"]
[TimeControl "180+1"]
[EndTime "15:17:51 PST"]
[Termination "Korchmar_Vasiliy won by resignation"]

1. e4 c6 2. d4 d5 3. exd5 cxd5 4.
Bd3 Nc6 5. c3 Qc7 6. h3 Nf6 7. Nf3 g6 8. O-O Bg7 9. Bg5 h6 10. Be3 O-O 11. Nbd2 Nh5 12. Re1 Nf4 13. Bf1 Bf5 14. Nb3 g5 15. Qd2 Ng6 16. Bd3 Bxd3 17. Qxd3 e6 18. a4 Nce7 19. a5 Nf5 20. Nc5 Nd6 21. Nxe6 fxe6 22. Qxg6 Qf7 23. Qxf7+ Kxf7 24. a6 b5 25. Ne5+ Bxe5 26. dxe5 Nc4 27. Bd4 Nxb2 28. Reb1 Nc4 29. Rxb5 Kg6 30. Rb7 Rf7 31. Rab1 Na5 32. Rxf7 Kxf7 33. Rb5 Nc6 34. Rb7+ Kg6 35. g4 Rb8 36.
Rc7 Rb1+ 37. Kg2 Nxd4 38. cxd4 Ra1 39. Rxa7 Ra4 40. Ra8 Kg7 41. a7 Ra1 42. Kf3 Ra2 43.
Ke3 Ra3+ 44. Kd2 Ra1 45. Kc3 Ra4 46. Kb3 Ra1 47. Kb4 Ra6 48. Kb5 Ra1 49. Kc5 Ra2 50. Kd6 Ra6+ 51. Ke7 Kh7 52. Kf6 1-0

[Event "Late-Titled-Tuesday-Blitz-February-13-2024"]
[Site "Chess.com"]
[Date "2024.02.13"]
[Round "7"]
[White "ProfessorChess101"]
[Black "DonkyDonkyDonkey"]
[Result "0-1"]
[WhiteElo "2790"]
[BlackElo "2960"]
[TimeControl "180+1"]
[EndTime "15:17:51 PST"]
[Termination "DonkyDonkyDonkey won by resignation"]

1. d4 Nf6 2. c4 e6 3. Nc3 Bb4 4. e3 O-O 5. Nf3 d5 6. Bd2 c5 7. a3 cxd4 8. axb4 dxc3 9. Bxc3 Ne4 10. Bd3 Nxc3 11. bxc3 Qf6 12. Qb3 Nc6 13. O-O dxc4 14. Qxc4 a6 15. Qe4 g6 16. b5 Ne7 17. bxa6 Nd5 18.
axb7 Bxb7 19. Qd4 Qe7 20. Rxa8 Rxa8 21. c4 Nb4 22. Be4 Rd8 23. Qe5 f6 24. Qf4 g5 25.
Qg4 h5 26. Qxh5 Bxe4 27. Nd4 Nc6 28. Qg4 f5 29. Qh5 Nxd4 30. exd4 Qf6 31. Rd1 g4 32. h3 gxh3 33. f3 Bb7 34. gxh3 Rxd4 35. Rb1 Qg7+ 36. Kh1 Rh4 37. Qe8+ Kh7 38. Kh2 Bxf3 39. Rg1 Qe5+ 40. Rg3 Qe2+ 41. Kg1 Qe1+ 42. Kh2 Qf2+ 0-1

[Event "Late-Titled-Tuesday-Blitz-February-13-2024"]
[Site "Chess.com"]
[Date "2024.02.13"]
[Round "7"]
[White "agvega14"]
[Black "hristos03"]
[Result "0-1"]
[WhiteElo "2187"]
[BlackElo "2358"]
[TimeControl "180+1"]
[EndTime "15:17:52 PST"]
[Termination "hristos03 won on time"]

1. e4 c5 2. Nf3 e6 3. c3 d5 4. exd5 exd5 5. d4 Nf6 6. Bd3 Nc6 7. h3 Bd6 8. O-O O-O 9. Bg5 h6 10. Be3 c4 11. Bc2 b5 12. Nbd2 a5 13. b3 Ba6 14.
Re1 b4 15. cxb4 axb4 16. a4 c3 17. Nf1 Re8 18. N1h2 Ne4 19. Ng4 h5 20. Ngh2 Qf6 21. h4 g6 22. Ng5 Bxh2+ 23. Kxh2 Nxf2 24. Bxf2 Qxf2 25. Nf3 Rxe1 26. Nxe1 Qxh4+ 27. Kg1 Qxd4+ 28. Kh2 Re8 29. Nf3 Qf4+ 30. Kg1 Qe3+ 31. Kh2 d4 32. Nxd4 Qf4+ 33. Kh1 Qh4+ 34. Kg1 Qxd4+ 35. Kh2 Qf4+ 36. Kh1 Ne5 0-1

[Event "Late-Titled-Tuesday-Blitz-February-13-2024"]
[Site "Chess.com"]
[Date "2024.02.13"]
[Round "7"]
[White "AryanTari"]
[Black "Polish_fighter3000"]
[Result "1-0"]
[WhiteElo "2956"]
[BlackElo "3061"]
[TimeControl "180+1"]
[EndTime "15:17:55 PST"]
[Termination "AryanTari won on time"]

1. e4 e6 2. d4 d5 3. exd5 exd5 4. Nf3 Nf6 5. Bd3 Bd6 6. Qe2+ Qe7 7. Qxe7+ Kxe7 8. O-O Nc6 9. Re1+ Kf8 10. c3 h6 11. Ne5 Ne7 12. f3 Bf5 13. Bxf5 Nxf5 14. g4 Ne7 15. Bf4 Rd8 16. Nd2 g5 17. Bg3 h5 18. h3 Ne8 19. Kg2 Ng7 20. Re2 f6 21. Nd3 Ng6 22. Rae1 b6 23. Rf1 Kf7 24. f4 hxg4 25.
hxg4 gxf4 26. Nxf4 Nh4+ 27. Kf2 Nhf5 28. gxf5 Nxf5 29. Kf3 Nxg3 30. Kxg3 Rdg8+ 31. Kf3 Rh4 32. Ng2 Rh3+ 33. Kf2 Bg3+ 34. Ke3 1-0